AoeStats
← gnitaek

Nomad

503462686Analyzed
2v2 RM · 1mo ago on Aug 31, 2026· 45m 28s· 4 players
Game mode
Random Map
Map size
176×176
Population
200
Speed
Normal
Resources
Standard
Victory
Conquest
Starting age
Dark Age
Ending age
Imperial Age
RankedLock teamsTeams togetherTeam positionsShared explorationLock speedFull tech treeHidden civsTurbo modeCheats
Victory
Defeat
🇮🇪 Koreans · Ireland
1218
+15
🇮🇪 Persians · Ireland
1196
+16
🇩🇪 Huns · Germany
1205
-16
🇨🇭 Mongols · Switzerland
1196
-15
pengel_tz
9:42 Loom
12:37 Feudal Age
13:28 Fishing Lines
14:06 Fletching
14:33 Double-Bit Axe
22:16 Castle Age
23:12 Bow Saw
22:44 Horse Collar
23:47 Wheelbarrow
23:18 Gillnets
22:55 Pikeman
25:09 Squires
27:06 Hand Cart
29:49 Scale Mail Armor
31:03 Bodkin Arrow
31:43 Heavy Plow
33:56 Town Watch
35:33 Chain Mail Armor
35:47 Marauders
36:13 Forging
40:47 Imperial Age
38:46 Bloodlines
40:47 Iron Casting
40:17 Town Patrol
41:16 Husbandry
41:55 Conscription
42:14 Scale Barding Armor
44:17 Chain Barding Armor
45:37 Blast Furnace
Aragorn
5:57 Loom
13:44 Feudal Age
19:53 Castle Age
17:47 Double-Bit Axe
20:21 Wheelbarrow
21:04 Wheelbarrow
22:17 Town Watch
23:06 Fletching
24:33 Bodkin Arrow
gnitaek
6:51 Loom
13:30 Feudal Age
15:36 Wheelbarrow
20:29 Castle Age
18:51 Double-Bit Axe
21:04 Scale Barding Armor
21:09 Forging
21:28 Bow Saw
22:28 Horse Collar
24:48 Heavy Plow
27:10 Hand Cart
27:35 Bloodlines
34:17 Imperial Age
32:59 Husbandry
34:28 Fletching
36:06 Bodkin Arrow
35:34 Cavalier
37:10 Gold Mining
38:28 Two-Man Saw
38:00 Crop Rotation
39:02 Chain Barding Armor
39:21 Town Watch
42:06 Plate Barding Armor
42:07 Iron Casting
42:30 Ballistics
43:11 Chemistry
44:17 Town Patrol
44:40 Conscription
46:26 Blast Furnace
berserker-latko
10:47 Loom
13:24 Feudal Age
17:43 Castle Age
17:24 Fletching
18:36 Bodkin Arrow
24:14 Medium Warships
25:18 Forging
30:45 Ballistics
30:51 Horse Collar
37:30 Imperial Age
35:28 Elite Skirmisher
37:08 Wheelbarrow
38:14 Bracer
39:58 Chemistry
42:50 Elite War Wagon
44:52 Scale Mail Armor
45:09 Arrowslits
Connection lost

Rejoining the realm…

Still unreachable

The connection could not be restored.

Session expired

The server has moved on; the page needs a fresh start.